 Dungeon Crawl Stone Soup version 0.25.1-9-gc5326a611f (webtiles) character file.

Game seed: 12733620505240084101

408 teolandon225 the Ducker (level 6, -3/49 HPs)
             Began as a Merfolk Gladiator on Dec 26, 2020.
             Slain by a hippogriff (6 damage)
             ... on level 4 of the Dungeon.
             The game lasted 00:13:58 (4346 turns).

teolandon225 the Ducker (Merfolk Gladiator)         Turns: 4346, Time: 00:13:58

Health: -3/49      AC: 10    Str: 15    XL:     6   Next: 88%
Magic:  6/6        EV:  9    Int: 13    God:
Gold:   262        SH:  0    Dex: 17    Spells: 5/5 levels left

rFire    . . .     SeeInvis .   a - +0 rapier
rCold    . . .     Gourm    .   (no shield)
rNeg     . . .     Faith    .   n - +0 chain mail
rPois    .         Spirit   .   h - +0 helmet
rElec    .         Reflect  .   o - +0 cloak
rCorr    .         Harm     .   (no gloves)
MR       .....                  (no boots)
Stlth    ..........             (no amulet)
HPRegen  0.16/turn              l - +6 ring of intelligence
MPRegen  0.10/turn              (no ring)

@: about to teleport
A: change form in water, swift swim, stealthy swim
a: no special abilities


You were on level 4 of the Dungeon.
You were not hungry.

You visited 1 branch of the dungeon, and saw 4 of its levels.
You also visited: Sewer.

You collected 262 gold pieces.

Inventory:

Hand Weapons
 a - a +0 rapier (weapon)
 j - a +6 whip
 k - a cursed -1 whip
Missiles
 d - 3 throwing nets (quivered)
Armour
 b - a +0 leather armour
 c - a +0 helmet
 h - a +0 helmet (worn)
 i - a +0 chain mail
 n - a +0 chain mail (worn)
 o - a +0 cloak (worn)
 p - a +0 leather armour
Jewellery
 l - a +6 ring of intelligence (left hand)
Scrolls
 g - 4 scrolls of identify
 m - a scroll of teleportation
 u - a scroll of immolation
Potions
 e - 2 potions of brilliance
 s - a potion of heal wounds
 x - 3 potions of flight
Comestibles
 f - 5 rations


   Skills:
 * Level 4.5 Fighting
 + Level 5.3 Short Blades
 - Level 2.4 Throwing
 + Level 1.3 Armour
 + Level 5.3 Dodging
 * Level 3.0 Stealth


You had 5 spell levels left.
You didn't know any spells.
Your spell library was empty.

Dungeon Overview and Level Annotations

Branches:
Dungeon (4/15)              Sewer (visited)
 Temple: D:4-7

Altars:


Message History

The hippogriff is almost dead.
The hippogriff bites you. The hippogriff pecks you.
The hippogriff barely misses you.
Your chain mail prevents you from hitting the hippogriff.
The hippogriff is almost dead.
The hippogriff barely misses you. The hippogriff pecks you.
* * * LOW HITPOINT WARNING * * *
The hippogriff claws you.
* * * LOW HITPOINT WARNING * * *
You closely miss the hippogriff.
The hippogriff is almost dead.
The hippogriff bites you.
* * * LOW HITPOINT WARNING * * *
The hippogriff barely misses you. The hippogriff claws you.
* * * LOW HITPOINT WARNING * * *
As you read the scroll of teleportation, it crumbles to dust.
You feel strangely unstable.
The hippogriff bites you but does no damage.
The hippogriff pecks you.
You die...

.....# ##.....## ###..#
#.......# #.########
#.......#
###........#######.......#
........................##
###........#######.......#
#<.......# #.....(.#
#........# ###...>...#
#........# #@.......##
######.#.# ##H###...##
#.#.# #hh# #### #.#.#
#.Z## #.#.# #.# #.......
........ ....... .=..%


You could see a hippogriff, 2 jackals and a howler monkey skeleton.

Vanquished Creatures
  Purgy (Sewer)
  A hound (D:3)
  Terence (D:2)
  Natasha (thrice) (D:2)
  A worker ant (D:4)
  A gnoll (D:2)
  3 adders
  2 river rats (D:4)
  An ooze (D:3)
  A worm (D:4)
  2 dart slugs
  A leopard gecko (D:1)
  5 orcs
  5 bats
  10 giant cockroaches
  4 goblins
  15 hobgoblins
  8 jackals
  12 kobolds
  2 quokkas (D:3)
  6 frilled lizards
  A quokka skeleton (D:4)
  2 rats
88 creatures vanquished.

Vanquished Creatures (others)
  3 jackals (D:1)
  A bat (D:1)
  A plant (D:3)
5 creatures vanquished.

Grand Total: 93 creatures vanquished

Notes
Turn   | Place    | Note
-------+----------+-------------------------------------------
     0 | D:1      | teolandon225 the Merfolk Gladiator began the quest for the
                  | Orb.
     0 | D:1      | Reached XP level 1. HP: 16/16 MP: 1/1
   188 | D:1      | Reached XP level 2. HP: 21/23 MP: 2/2
   626 | D:1      | Reached XP level 3. HP: 28/28 MP: 3/3
  1336 | D:2      | Noticed Terence
  1360 | D:2      | Killed Terence
  1360 | D:2      | Reached XP level 4. HP: 25/35 MP: 4/4
  1550 | D:2      | Noticed Natasha
  1561 | D:2      | Killed Natasha
  1561 | D:2      | Reached skill level 1 in Stealth
  1936 | D:2      | Noticed Natasha
  1961 | D:2      | Killed Natasha
  1961 | D:2      | Reached XP level 5. HP: 24/41 MP: 5/5
  2276 | D:2      | Noticed Natasha
  2309 | D:2      | HP: 1/41 [Natasha/magic dart (10)]
  2312 | D:2      | Killed Natasha
  2963 | D:3      | Reached skill level 5 in Short Blades
  2963 | D:3      | Reached skill level 5 in Dodging
  3051 | D:3      | Reached skill level 1 in Armour
  3051 | D:3      | Reached XP level 6. HP: 39/48 MP: 6/6
  3752 | D:4      | Found a glowing drain.
  3756 | Sewer    | Entered a sewer
  3943 | Sewer    | Noticed Purgy
  3975 | Sewer    | Killed Purgy
  4326 | D:4      | Noticed a hippogriff
  4346 | D:4      | Slain by a hippogriff

Illustrated notes

Levels and vault maps discovered:
D:1:      ncdulo_wetmaze, layout_basic, lemuel_flame_loot_1
D:2:      layout_basic, chequers_serial_rivers_room_b, minmay_hexomino_f4,
          uniq_terence, uniq_natasha
D:3:      layout_rooms, lexackson_kobold_supper
D:4:      layout_rooms, kennysheep_mini_moat, serial_shops, shop, shop,
          gup_sewer_entry_bowl, nicolae_ru_awakened_eye

Skill      XL: |  1  2  3  4  5  6 |
---------------+-------------------+-----
Short Blades   | 4 5 |  5.3
Fighting       | 3 4 |  4.5
Stealth        | 1 2 3 |  3.0
Dodging        | 5 |  5.3
Armour         | 1 |  1.3
Throwing       | |  2.4

Action                   |  1- 3 |  4- 6 || total
-------------------------+-------+-------++-------
Melee: Rapier            |   118 |   345 ||   463
  Use: Scroll            |     4 |     8 ||    12
       Potion            |     3 |     2 ||     5
  Eat: Chunk             |     1 |     4 ||     5
       Ration            |       |     2 ||     2
Armor: Leather armour    |     4 |       ||     4
       Chain mail        |    91 |   189 ||   280
Dodge: Dodged            |    61 |   128 ||   189
